 Dungeon Crawl Stone Soup version bcrawl-1.21.2-20-g6d45ba5942 (webtiles) character file.

Game seed: 2935962720857448817

1359 Foic the Stinger (level 8, -3/52 HPs)
             Began as an Oni Summoner on Feb 25, 2020.
             Was a Follower of Hepliaklqana.
             Shot with an arrow by a centaur (6 damage)
             ... on level 6 of the Dungeon.
             The game lasted 00:53:47 (8829 turns).

Foic the Stinger (Oni Summoner)                     Turns: 8829, Time: 00:53:47

Health: -3/52      AC:  4    Str: 12    XL:     8   Next: 64%
Magic:  13/20      EV: 13    Int: 18    God:    Hepliaklqana [*.....]
Gold:   478        SH:  0    Dex: 12    Spells: 10/20 levels left

rFire    . . .     SeeInvis .   n - +0 club
rCold    . . .     Gourm    .   (no shield)
rNeg     . . .     Faith    .   a - +0 animal skin
rPois    +         Spirit   .   (helmet restricted)
rElec    .         Reflect  .   (no cloak)
rCorr    .         Harm     .   R - +0 pair of gloves
MR       .....                  C - +0 pair of boots
Stlth    ++........             (no amulet)
HPRegen  0.17/turn              K - ring of poison resistance
MPRegen  0.17/turn              (no ring)

@: no status effects
A: oni magic, reduced essence, claws 1, fangs 1, horns 1
a: Recall Ancestor, Ancestor Identity, Renounce Religion


You were on level 6 of the Dungeon.
You worshipped Hepliaklqana.
Hepliaklqana was aware of your devotion.
You were not hungry.

You visited 2 branches of the dungeon, and saw 7 of its levels.

You collected 478 gold pieces.

Inventory:

Hand Weapons
 i - a +0 short sword of electrocution
 n - a +0 club (weapon)
 p - a +0 whip
 s - a +2 hunting sling of flaming
 v - a +3 hunting sling
 A - a +0 flail
 S - the +2 broad axe "Juryf" {chop, rC++, unknown}
   (You found it on level 6 of the Dungeon)

   It inflicts extra damage upon your enemies.
   It greatly protects you from cold.
Missiles
 l - 157 tomahawks (quivered)
 m - 1974 stones
 w - 426 sling bullets
 y - 671 bolts
 B - 93 poisoned tomahawks
 M - 136 javelins
Armour
 a - a +0 animal skin (worn)
 f - a +0 leather armour
 g - a +0 buckler
 o - a +3 leather armour
 C - a +0 pair of boots (worn)
 R - a +0 pair of gloves (worn)
Magical Staves
 N - an uncursed staff of power {unknown}
Jewellery
 K - a ring of poison resistance (left hand)
Wands
 x - a wand of random effects (8)
 P - a wand of iceblast (13)
Scrolls
 b - 8 scrolls of identify
 c - a scroll of summoning
 d - 2 scrolls of fog
 h - 4 scrolls of immolation {unknown}
 j - 2 scrolls of amnesia {unknown}
 k - 4 scrolls of remove curse {unknown}
 t - 5 scrolls of teleportation {unknown}
 z - a scroll of enchant armour {unknown}
 G - 2 scrolls of blinking {unknown}
 H - 2 scrolls of noise {unknown}
 J - a scroll of enchant weapon {unknown}
 Q - a scroll of fear {unknown}
Potions
 q - 5 potions of curing {unknown}
 r - 2 potions of cancellation {unknown}
 u - a potion of invisibility
 D - a potion of heal wounds {unknown}
 E - 4 potions of flight {unknown}
 F - a potion of might {unknown}
 I - a potion of lignification {unknown}
 L - a potion of magic {unknown}
 O - a potion of degeneration {unknown}
Comestibles
 e - 4 rations {!d}


   Skills:
 + Level 0.4 Fighting
 + Level 1.3 Maces & Flails
 * Level 3.1 Dodging
 + Level 2.1 Stealth
 * Level 6.9 Spellcasting
   Level 6.9 Conjurations
   Level 6.9 Hexes
   Level 6.9 Charms
   Level 6.9 Summonings
   Level 6.9 Necromancy
   Level 6.9 Translocations
   Level 6.9 Transmutations
   Level 6.9 Fire Magic
   Level 6.9 Ice Magic
   Level 6.9 Air Magic
   Level 6.9 Earth Magic
   Level 6.9 Poison Magic


You had 10 spell levels left.
You knew the following spells:

 Your Spells              Type           Power        Failure   Level  Hunger
a - Summon Small Mammal   Summ           ####         1%          1    None
b - Call Imp              Summ           ####..       1%          2    None
c - Call Canine Familiar  Summ           ####....     1%          3    ##.....
d - Summon Ice Beast      Ice/Summ       ####....     6%          4    ####...

Your spell library contained the following spells:

 Spells                   Type           Power        Failure   Level  Hunger
 Freeze                   Ice            ####..       1%          1    None
 Corpse Rot               Necr           N/A          1%          2    None
 Song of Slaying          Chrm           ####....     1%          2    None
 Cause Fear               Hex            ####......   4%          4    ####...
 Summon Lightning Spire   Summ/Air       ####....     19%         5    #####..


Dungeon Overview and Level Annotations

Branches:
Dungeon (6/12)             Temple (1/1) D:4

Altars:
Ashenzari
Cheibriados
Dithmenos
Elyvilon
Fedhas
Gozag
Hepliaklqana
Kikubaaqudgha
Lugonu
Makhleb
Nemelex Xobeh
Okawaru
Qazlal
Ru
Sif Muna
Trog
Uskayaw
Vehumet
Wu Jian
Yredelemnul
The Shining One

Shops:
D:4 %


Innate Abilities, Weirdness & Mutations

You learn spells by gaining experience, not through books or religion.
You only train spellcasting to practice magic.
You have sharp fingernails.
You have very sharp teeth.
You have a pair of small horns on your head.
Your life essence is reduced to manifest your ancestor. (-10% HP)


Message History

Your hound closely misses the centaur.
The centaur shoots an arrow.
The arrow hits your hound!
Your hound dies!
Your hound's corpse disappears in a puff of smoke!
Tawil hits the centaur!
Casting: Summon Small Mammal (safe; 1% risk of failure)
Confirm with . or Enter, or press ? or * to list all spells.
The centaur shoots an arrow.
The arrow hits you.
Tawil hits the centaur.
Casting: Summon Small Mammal (safe; 1% risk of failure)
Confirm with . or Enter, or press ? or * to list all spells.
The centaur shoots an arrow.
The arrow hits you!
* * * LOW HITPOINT WARNING * * *
Tawil barely misses the centaur.
Casting: Summon Small Mammal (safe; 1% risk of failure)
Confirm with . or Enter, or press ? or * to list all spells.
Okay, then.
The centaur shoots an arrow.
The arrow hits you!
* * * LOW HITPOINT WARNING * * *
The centaur shoots an arrow.
The arrow hits you.
You die...

..........>######
................######
.#####...............#
## #.................#
...............<....#
#.########.§§§......#
#..........R.§r)....#
#..######.c..§5r....#
##.(............@r...#
#....####...##########
..#..§c....##
..(.cK##....###
..#...W.........
....§####....### ...K?
........ ..W.#
###....## #... .....#


You could see the friendly Tawil the ancestor, a centaur, a friendly iron imp, 2
friendly quokkas and a friendly rat.

Vanquished Creatures
  A bullfrog zombie (D:6)
  A hound (D:5)
  2 adders (D:3)
  An orc (D:4)
  A hobgoblin (D:2)
  A quokka (D:3)
  2 goblins (D:2)
  A toadstool (D:1)
10 creatures vanquished.

Vanquished Creatures (collateral kills)
  A kobold demonologist (D:6)
  Sigmund (D:5)
  An ice beast (D:5)
  A sky beast (D:5)
  2 necrophages (D:5)
  2 phantoms
  3 ogres
  A scorpion (D:4)
  2 crimson imps
  A centaur skeleton (D:5)
  A hound (D:4)
  4 orc priests
  A bullfrog skeleton (D:6)
  A gnoll shaman (D:4)
  7 orc wizards
  2 iguanas
  4 worker ants
  Robin (D:2)
  3 gnolls (D:4)
  A worker ant zombie (D:6)
  3 adders (D:3)
  An adder skeleton (D:6)
  3 worms
  3 dart slugs
  3 leopard geckos (D:4)
  21 orcs
  2 giant cockroaches (D:1)
  12 goblins
  5 hobgoblins
  12 jackals
  7 bats
  3 frilled lizards
  6 kobolds
  A quokka skeleton (D:4)
  2 rats
124 creatures vanquished.

Vanquished Creatures (others)
  2 ancestors
  3 toadstools (D:1)
5 creatures vanquished.

Grand Total: 139 creatures vanquished

Notes
Turn   | Place    | Note
-------+----------+-------------------------------------------
     0 | D:1      | Foic the Oni Summoner began the quest for the Orb.
     0 | D:1      | Reached XP level 1. HP: 14/14 MP: 4/4
   508 | D:1      | Reached XP level 2. HP: 14/20 MP: 2/6
   512 | D:1      | Learned a level 2 spell: Call Imp
  1173 | D:1      | Reached skill level 2 in Spellcasting
  1569 | D:2      | Noticed Robin
  2117 | D:2      | Found a bloodstained altar of Trog.
  2163 | D:2      | Found a basalt altar of Yredelemnul.
  2164 | D:2      | Found a sparkling altar of Nemelex Xobeh.
  2164 | D:2      | Found a radiant altar of Vehumet.
  2169 | D:2      | Found an ornate altar of the Wu Jian Council.
  2170 | D:2      | Found an ancient bone altar of Kikubaaqudgha.
  2252 | D:2      | Reached XP level 3. HP: 26/26 MP: 3/8
  2307 | D:2      | Learned a level 3 spell: Call Canine Familiar
  2371 | D:2      | Found a corrupted altar of Lugonu.
  2744 | D:2      | Killed Robin
  3659 | D:3      | Reached XP level 4. HP: 33/33 MP: 4/10
  3972 | D:3      | Reached skill level 3 in Spellcasting
  4120 | D:3      | Reached XP level 5. HP: 30/38 MP: 3/11
  4241 | D:3      | Noticed an ogre
  4266 | D:3      | Killed an ogre
  4969 | D:3      | Reached skill level 4 in Spellcasting
  4969 | D:3      | Reached XP level 6. HP: 24/45 MP: 1/14
  5239 | D:4      | Found a snail-covered altar of Cheibriados.
  5266 | D:4      | Found Waryur's Food Emporium.
  5479 | D:4      | Found a staircase to the Ecumenical Temple.
  5643 | Temple   | Entered the Ecumenical Temple
  5803 | Temple   | Became a worshipper of Hepliaklqana the Forgotten
  6164 | D:4      | Reached XP level 7. HP: 45/45 MP: 6/16
  6568 | D:5      | Entered Level 5 of the Dungeon
  6599 | D:5      | Reached skill level 5 in Spellcasting
  7377 | D:5      | Noticed Sigmund
  7395 | D:5      | Killed Sigmund
  7395 | D:5      | Reached skill level 6 in Spellcasting
  7395 | D:5      | Reached XP level 8. HP: 51/51 MP: 14/19
  7401 | D:5      | Learned a level 4 spell: Summon Ice Beast
  7825 | D:5      | Found a shattered altar of Ashenzari.
  7963 | D:6      | Noticed a kobold demonologist
  8026 | D:5      | Reached skill level 1 in Maces & Flails
  8071 | D:6      | Noticed a ynoxinul
  8071 | D:6      | Noticed an orange demon
  8452 | D:6      | Got an ichor-stained broad axe
  8470 | D:6      | Reached * piety under Hepliaklqana
  8476 | D:6      | Found an iron altar of Okawaru.
  8491 | D:6      | Noticed an ice devil
  8495 | D:6      | Killed a kobold demonologist
  8829 | D:6      | Shot with an arrow by a centaur

Skill      XL: |  1  2  3  4  5  6  7  8 |
---------------+-------------------------+-----
Dodging        | 2 3 |  3.1
Spellcasting   | 2 3 4 6 |  6.9
Stealth        | 2 |  2.1
Maces & Flails | 1 |  1.3
Fighting       | |  0.4
Conjurations   | |  6.9
Hexes          | |  6.9
Charms         | |  6.9
Summonings     | |  6.9
Necromancy     | |  6.9
Translocations | |  6.9
Transmutations | |  6.9
Fire Magic     | |  6.9
Ice Magic      | |  6.9
Air Magic      | |  6.9
Earth Magic    | |  6.9
Poison Magic   | |  6.9

Action                   |  1- 3 |  4- 6 |  7- 9 || total
-------------------------+-------+-------+-------++-------
Melee: Unarmed           |     1 |       |       ||     1
       Club              |    12 |    56 |    22 ||    90
       Headbutt          |     2 |     5 |     6 ||    13
       Bite              |     1 |     6 |     2 ||     9
 Cast: Summon Small Mamm |   105 |    67 |    14 ||   186
       Call Imp          |    31 |    21 |    13 ||    65
       Call Canine Famil |       |    23 |    24 ||    47
       Summon Ice Beast  |       |       |     2 ||     2
Invok: Recall Ancestor   |       |     1 |     1 ||     2
       Ancestor Identity |       |       |     2 ||     2
  Use: Scroll            |     2 |       |     1 ||     3
 Stab: Distracted        |     1 |       |       ||     1
  Eat: Chunk             |     6 |    10 |     1 ||    17
       Ration            |     2 |       |     3 ||     5
Armor: Animal skin       |    18 |    17 |     7 ||    42
Dodge: Dodged            |    63 |    40 |    27 ||   130
